 Dungeon Crawl Stone Soup version 0.18-a0-337-g1235303 (webtiles) character file.

57 Raultor the Sneak (level 3, -4/16 HPs)
             Began as a Spriggan Enchanter on Nov 28, 2015.
             Was an Initiate of Gozag.
             Killed from afar by Sigmund (11 damage)
             ... with a puff of flame
             ... on level 2 of the Dungeon.
             The game lasted 00:06:13 (1493 turns).

Raultor the Sneak (Spriggan Enchanter)              Turns: 1493, Time: 00:06:13

Health: -4/16      AC:  4    Str:  4    XL:     3   Next: 73%
Magic:  1/8        EV: 19    Int: 17    God:    Gozag
Gold:   40         SH:  0    Dex: 16    Spells: 2 memorised, 5 levels left

rFire  . . .     SeeInvis +     a - +1 dagger
rCold  . . .     Clarity  .     b - +1 robe
rNeg   . . .     SustAt   .     (shield restricted)
rPois  .         Gourm    .     (helmet restricted)
rElec  .         Spirit   .     o - +0 cloak
rCorr  .         Warding  .     (gloves unavailable)
rMut   .         Stasis   .     (boots unavailable)
MR     .....                    (no amulet)
Stlth  ++++......               (no ring)
                                (no ring)

@: very slightly contaminated, very quick, not resistant to hostile
enchantments, stealthy
A: unfitting armour, see invisible, herbivore 3, speed 3, slow metabolism 2
a: Potion Petition, Call Merchant, Bribe Branch, Renounce Religion


You were on level 2 of the Dungeon.
You worshipped Gozag.
Gozag was noncommittal.
You were not hungry.

You visited 1 branch of the dungeon, and saw 2 of its levels.

You collected 46 gold pieces.
You paid 6 gold pieces to Gozag.

Inventory:

Hand Weapons
 a - a +1 dagger (weapon)
Missiles
 e - 5 needles of paralysis
Armour
 b - a +1 robe (worn)
 o - a +0 cloak (worn)
Scrolls
 g - 3 scrolls of remove curse {unknown}
 h - a scroll of fear {unknown}
 k - 4 scrolls of identify {unknown}
 l - a scroll of fog {unknown}
 n - a scroll of recharging {unknown}
 p - a scroll of enchant weapon {unknown}
 r - a scroll of noise {unknown}
 s - a scroll of amnesia {unknown}
 t - a scroll of teleportation {unknown}
Potions
 f - a potion of resistance {unknown}
 i - 2 potions of brilliance {unknown}
 m - a potion of might {unknown}
Books
 c - a book of Maledictions

   Spells                             Type                      Level
   a - Corona                         Hexes                        1
   b - Ensorcelled Hibernation        Hexes/Ice                    2
   c - Confuse                        Hexes                        3
   d - Tukima's Dance                 Hexes                        3
   e - Dazzling Spray                 Conjuration/Hexes            3
Comestibles
 d - 4 bread rations
 j - a slice of pizza
 q - a royal jelly


   Skills:
 - Level 0.1 Fighting
 + Level 1.3 Short Blades
 - Level 3.7 Dodging
 + Level 5.7 Stealth
 + Level 3.1 Spellcasting
 * Level 4.1 Hexes


You had 5 spell levels left.
You knew the following spells:

 Your Spells              Type           Power        Failure   Level  Hunger
a - Corona                Hex            ###....      3%          1    None
b - Ensorcelled Hibernat  Hex/Ice        #.....       14%         2    ##.....


Dungeon Overview and Level Annotations

Branches:
Dungeon (2/15)

Altars:
Elyvilon
Gozag
Nemelex Xobeh
Trog
The Shining One

Annotations:
D:2 Sigmund


Innate Abilities, Weirdness & Mutations

You are tiny and cannot use many weapons and most armour.
You have supernaturally acute eyesight.
You are a herbivore.
You cover ground extremely quickly.
You need consume almost no food.


Message History

The puff of flame hits you!
Ouch! That really hurt!
You're too confused to move!
Sigmund zaps a wand.
Sigmund flickers and vanishes for a moment.
It is a wand of invisibility.
You bump into the rock wall.
You bump into the rock wall.
Sigmund misses you.
You hit Sigmund but do no damage.
You feel less confused. Sigmund completely misses you.
Sigmund gestures at you while chanting.
You are confused.
You bump into the rock wall.
You bump into the rock wall.
You feel less confused.
Sigmund points at you and mumbles some strange words.
The puff of flame hits you!
Ouch! That really hurt!
You die...
Your body crumbles into a pile of gold.

?########################
..........@.............##
#############@...........#
#............#
#............#
#............#
#..†.........##
#.............#
###..####...###.##
#####(...## #...# #..###
#.........# #...# ##.#..


You could see Sigmund (invisible).

Vanquished Creatures
  An ooze (D:1)
  A worm (D:2)
  3 giant geckos
  5 goblins
  4 hobgoblins
  4 jackals (D:2)
  9 kobolds
  A ball python (D:1)
  6 bats
  3 giant cockroaches (D:2)
  3 giant newts (D:1)
  7 rats
47 creatures vanquished.

Notes
Turn   | Place    | Note
--------------------------------------------------------------
     0 | D:1      | Raultor the Spriggan Enchanter began the quest for the Orb.
     0 | D:1      | Reached XP level 1. HP: 9/9 MP: 5/5
   256 | D:1      | Reached XP level 2. HP: 8/13 MP: 6/6
   292 | D:1      | Learned a level 2 spell: Ensorcelled Hibernation
   575 | D:1      | Reached skill level 5 in Stealth
  1021 | D:2      | Reached XP level 3. HP: 14/16 MP: 6/8
  1263 | D:2      | Found a white marble altar of Elyvilon.
  1264 | D:2      | Found a glowing golden altar of the Shining One.
  1264 | D:2      | Found a bloodstained altar of Trog.
  1265 | D:2      | Found an opulent altar of Gozag.
  1265 | D:2      | Found a sparkling altar of Nemelex Xobeh.
  1296 | D:2      | Became a worshipper of Gozag Ym Sagoz the Greedy
  1468 | D:2      | Noticed Sigmund
  1493 | D:2      | Killed from afar by Sigmund

Vault maps used:
D:1:      tarquinn_simple_flora_water_f, minivault_19
D:2:      grunt_temple_overflow_open, corexii_hall_statues_x, uniq_sigmund,
          uniq_natasha

Action                   || total
-------------------------++-------
Melee: Dagger            ||   127
 Cast: Ensorcelled Hiber ||    13
 Stab: Sleeping          ||    26
